 Dungeon Crawl Stone Soup version 0.26-a0-30-g56b8cd3df0 (webtiles) character file.

Game seed: 13281739084457561119, levelgen mode: deterministic

486168 Lanoc the Drop of Water (level 24, -2/186 HPs)
             Began as a Gnoll Fire Elementalist on June 2, 2020.
             Was the Champion of Ru.
             Slain by a red very ugly thing (15 damage)
             ... on level 2 of the Depths on June 3, 2020.
             The game lasted 03:47:51 (69466 turns).

Lanoc the Drop of Water (Gnoll Fire Elementalist)  Turns: 69466, Time: 03:47:52

Health: -2/186     AC: 25    Str: 10    XL:     24   Next: 63%
Magic:  4/42       EV: 22    Int: 39    God:    Ru [******]
Gold:   3762       SH:  0    Dex: 18    Spells: 14/53 levels left

rFire    + + +     SeeInvis +   L - +3 Elemental Staff {rElec rF++ rC++ MR++ AC+5}
rCold    + . .     Gourm    .   (no shield)
rNeg     . . .     Faith    .   K - +1 acid dragon scales
rPois    .         Spirit   .   E - +3 crown of Dyrovepreva {rElec Int+2 SInv}
rElec    +         Reflect  .   z - +2 cloak {rCorr}
rCorr    +         Harm     .   q - +2 pair of gloves of Claustrophobia {+Blink Dex+4}
MR       +++++                  X - +1 pair of boots "Bialio Ohaost" {rElec Int+7 Dex-3}
Stlth    ..........             D - amulet of magic regeneration
HPRegen  0.41/turn              U - ring of fire
MPRegen  0.53/turn              a - ring of the Mage {Wiz MR++ Int+3}

@: no status effects
A: distributed training, fangs 1, clumsy 1, deformed body, no stealth, inability
to use devices, hated by all, no necromancy magic, no poison magic, no summoning
magic, unskilled 1, strong nose
}: 3/15 runes: serpentine, barnacled, silver
a: Draw Out Power, Power Leap, Apocalypse, Renounce Religion


You were on level 2 of the Depths.
You worshipped Ru.
Ru was exalted by your worship.
You were not hungry.

You visited 8 branches of the dungeon, and saw 40 of its levels.
You also visited: Trove, Gauntlet, Ice Cave and Desolation.

You collected 5858 gold pieces.
You spent 2096 gold pieces at shops.

Inventory:

Hand Weapons
 L - the +3 Elemental Staff (weapon) {rElec rF++ rC++ MR++ AC+5}
   (You found it on level 9 of the Dungeon)

   It affects your AC (+5).
   It greatly protects you from fire.
   It greatly protects you from cold.
   It insulates you from electricity.
   It affects your resistance to hostile enchantments.
 M - the +9 staff of Olgreb {rPois∞}
   (You found it on level 9 of the Dungeon)

   It grants immunity to poison.
 V - the +8 longbow "Zephyr" {speed, Dex+3 SInv}
   (You found it on level 3 of the Shoals)

   Attacks with this weapon are significantly faster.
   It affects your dexterity (+3).
   It lets you see invisible.
Missiles
 g - 10 curare-tipped darts (quivered)
 m - 936 arrows
 w - 345 sling bullets
 H - 8 throwing nets
 Z - 997 bolts
Armour
 e - a +1 kite shield of reflection
 q - the +2 pair of gloves of Claustrophobia (worn) {+Blink Dex+4}
   (You found it on level 7 of the Dungeon)

   It affects your dexterity (+4).
   It lets you blink.
 z - a +2 cloak of preservation (worn)
 E - the +3 crown of Dyrovepreva (worn) {rElec Int+2 SInv}
   (You found it on level 5 of the Vaults)

   It affects your intelligence (+2).
   It insulates you from electricity.
   It lets you see invisible.
 G - the +7 Kryia's mail coat {PotionHeal*2 rC+}
   (You found it on level 3 of the Vaults)

   It protects you from cold.
 K - +1 acid dragon scales (worn)
 X - the +1 pair of boots "Bialio Ohaost" (worn) {rElec Int+7 Dex-3}
   (You found it on level 3 of the Vaults)

   It affects your intelligence (+7).
   It affects your dexterity (-3).
   It insulates you from electricity.
Jewellery
 a - the ring of the Mage (right hand) {Wiz MR++ Int+3}
   (You found it on level 8 of the Dungeon)

   [ring of wizardry]

   It improves your spell success rate.
   It affects your intelligence (+3).
   It affects your resistance to hostile enchantments.
 n - the ring of Socur {rPois rF+ MR- AC+4 Int+4 Dex+5}
   (You found it in a treasure trove)

   [ring of protection]

   It affects your AC (+4).
   It affects your intelligence (+4).
   It affects your dexterity (+5).
   It protects you from fire.
   It protects you from poison.
   It affects your resistance to hostile enchantments.
 B - an uncursed ring of resist corrosion
 D - an amulet of magic regeneration (around neck)
 S - an uncursed ring of magical power
 U - a ring of fire (left hand)
Scrolls
 h - 10 scrolls of teleportation
 j - 7 scrolls of magic mapping
 k - 8 scrolls of enchant weapon
 o - 8 scrolls of blinking
 p - 3 scrolls of fear
 y - 22 scrolls of identify
 A - 6 scrolls of fog
 I - 15 scrolls of remove curse
 N - 3 scrolls of immolation
 O - 3 scrolls of amnesia
 Q - 6 scrolls of enchant armour
Potions
 b - 8 potions of haste
 i - 3 potions of might
 l - 5 potions of resistance
 r - 8 potions of mutation
 s - 18 potions of curing
 t - 2 potions of invisibility
 u - 7 potions of flight
 v - 9 potions of brilliance
 x - 6 potions of lignification
 C - 2 potions of ambrosia
 J - 2 potions of cancellation
 P - 4 potions of magic
 R - 4 potions of stabbing
 Y - 2 potions of heal wounds
Comestibles
 c - 56 rations


   Skills:
 + Level 14.5 Fighting
 + Level 14.5 Short Blades
 + Level 14.5 Long Blades
 + Level 14.5 Axes
 + Level 14.5 Maces & Flails
 + Level 14.5 Polearms
 + Level 14.5 Staves
 + Level 14.5 Slings
 + Level 14.5 Bows
 + Level 14.5 Crossbows
 + Level 14.5 Throwing
 + Level 14.5 Armour
 + Level 14.9 Dodging
   Level 0.0 Stealth
 + Level 14.5 Shields
 + Level 14.5 Unarmed Combat
 + Level 15.0 Spellcasting
 + Level 12.6 Conjurations
 + Level 12.4 Hexes
 + Level 12.4 Charms
   Level 0.0 Summonings
   Level 0.0 Necromancy
 + Level 12.4 Translocations
 + Level 12.4 Transmutations
 + Level 13.2 Fire Magic
 + Level 12.4 Ice Magic
 + Level 12.4 Air Magic
 + Level 12.4 Earth Magic
   Level 0.0 Poison Magic
 + Level 15.6 Invocations
   Level 0.0 Evocations


You had 14 spell levels left.
You knew the following spells:

 Your Spells              Type           Power        Failure   Level  Hunger
a - Starburst             Conj/Fire      ########..   1%          6    None
b - Sticky Flame          Conj/Fire      ########     1%          4    None
c - Iron Shot             Conj/Erth      ########..   1%          6    None
d - Ring of Flames        Chrm/Fire      ########..   2%          7    ###....
e - Blink                 Tloc           N/A          0%          2    None
f - Ignition              Fire           ########..   17%         8    #####..
g - Fireball              Conj/Fire      ########..   1%          5    None
h - Apportation           Tloc           ######       0%          1    None

Your spell library contained the following spells:

 Spells                   Type           Power        Failure   Level  Hunger
 Corona                   Hex            #######      0%          1    None
 Foxfire                  Conj/Fire      ####         0%          1    None
 Infusion                 Chrm           ####         0%          1    None
 Magic Dart               Conj           ####         0%          1    None
 Ensorcelled Hibernation  Hex/Ice        ######       0%          2    None
 Searing Ray              Conj           ######       0%          2    None
 Shroud of Golubria       Chrm/Tloc      ######       0%          2    None
 Slow                     Hex            #######.     0%          2    None
 Song of Slaying          Chrm           #######.     0%          2    None
 Conjure Flame            Conj/Fire      ########     0%          3    None
 Inner Flame              Hex/Fire       ########     0%          3    None
 Confusing Touch          Hex            #######.     1%          3    None
 Dazzling Flash           Conj/Hex       ######       1%          3    None
 Gell's Gravitas          Tloc           #######...   1%          3    None
 Lesser Beckoning         Tloc           #######...   1%          3    None
 Ozocubu's Armour         Chrm/Ice       ########     1%          3    None
 Spectral Weapon          Hex/Chrm       #######.     1%          3    None
 Fulminant Prism          Conj/Hex       #######...   1%          4    None
 Iskenderun's Mystic Bla  Conj/Tloc      #######.     1%          4    None
 Leda's Liquefaction      Hex/Erth       ########..   1%          4    None
 Petrify                  Tmut/Erth      ########     1%          4    None
 Bolt of Magma            Conj/Fire/Erth #########.   1%          5    None
 Irradiate                Conj/Tmut      #######...   1%          5    None
 Silence                  Hex/Air        ########..   1%          5    None
 Conjure Ball Lightning   Conj/Air       ########..   1%          6    None
 Freezing Cloud           Conj/Ice/Air   ########..   1%          6    None
 Hydra Form               Tmut           #######...   1%          6    None
 Invisibility             Hex            #######.     1%          6    None
 Statue Form              Tmut/Erth      ########.    1%          6    None
 Dragon Form              Tmut           #######...   3%          7    ###....
 Shatter                  Erth           ########..   97%         9    ######.
 Tornado                  Air            ########..   97%         9    ######.
 Animate Skeleton         Necr           Unusable     N/A         1    N/A
 Pain                     Necr           Unusable     N/A         1    N/A
 Sting                    Tmut/Pois      Unusable     N/A         1    N/A
 Summon Butterflies       Summ           Unusable     N/A         1    N/A
 Summon Small Mammal      Summ           Unusable     N/A         1    N/A
 Call Imp                 Summ           Unusable     N/A         2    N/A
 Poisonous Vapours        Pois/Air       Unusable     N/A         2    N/A
 Call Canine Familiar     Summ           Unusable     N/A         3    N/A
 Ignite Poison            Fire/Tmut/Pois Unusable     N/A         3    N/A
 Mephitic Cloud           Conj/Pois/Air  Unusable     N/A         3    N/A
 Summon Guardian Golem    Hex/Summ       Unusable     N/A         3    N/A
 Tukima's Dance           Hex            Unusable     N/A         3    N/A
 Vampiric Draining        Necr           Unusable     N/A         3    N/A
 Summon Ice Beast         Ice/Summ       Unusable     N/A         4    N/A
 Summon Lightning Spire   Summ/Air       Unusable     N/A         4    N/A
 Alistair's Intoxication  Tmut/Pois      Unusable     N/A         5    N/A
 Animate Dead             Necr           Unusable     N/A         4    N/A
 Dispel Undead            Necr           Unusable     N/A         4    N/A
 Olgreb's Toxic Radiance  Pois           Unusable     N/A         4    N/A
 Agony                    Necr           Unusable     N/A         5    N/A
 Death Channel            Necr           Unusable     N/A         6    N/A

Dungeon Overview and Level Annotations

Branches:
Dungeon (15/15)            Temple (1/1) D:6            Lair (6/6) D:10
 Shoals (4/4) Lair:4        Snake (4/4) Lair:3        Slime (0/5) Lair:5
    Orc (2/2) D:10            Elf (0/3) Orc:2        Vaults (5/5) D:14
  Crypt (0/3) Vaults:2     Depths (3/5) D:15          IceCv (visited)
Desolation (visited)      Gauntlet (visited)

Altars:
Ashenzari
Cheibriados
Dithmenos
Elyvilon
Gozag
Hepliaklqana
Kikubaaqudgha
Okawaru
Ru
Uskayaw
Vehumet
Xom
Yredelemnul
Zin
The Shining One
Jiyva

Shops:
D:6 *([*   D:14 (   D:15 ?   Orc:2 !(!:   Shoals:2 *   Snake:1 *   Vaults:3 [
Vaults:4 !   Depths:1 (

Portals:
Hell: Depths:1 Depths:2


Innate Abilities, Weirdness & Mutations

Your experience applies equally to all skills.
You have very sharp teeth.
You are clumsy. (Dex -2)
You cannot be stealthy.
You cannot study or use magical devices.
You are hated by all.
You cannot study or cast Necromancy magic.
You cannot study or cast Poison magic.
You cannot study or cast Summoning magic.
You are somewhat unskilled. (-1 Apt)
Your uncanny sense of smell can sniff out nearby items.
Armour fits poorly on your strangely shaped body.


Message History

Aiming: Iron Shot (mildly dangerous; 1% risk of failure)
Press: ? - help, Shift-Dir - straight line, f/p - red very ugly thing
Aim: a red very ugly thing (moderately wounded)
You feel a surge of power!
The iron shot hits the red very ugly thing!!!
The red very ugly thing is almost dead.
You are covered in liquid flames!
The red very ugly thing headbutts you!!
* * * LOW HITPOINT WARNING * * *
You focus your will and blind the red very ugly thing in retribution!
Casting: Iron Shot (mildly dangerous; 1% risk of failure)
Confirm with . or Enter, or press ? or * to list all spells.
Aiming: Iron Shot (mildly dangerous; 1% risk of failure)
Press: ? - help, Shift-Dir - straight line, f/p - red very ugly thing
Aim: a red very ugly thing (almost dead, blind)
You feel a surge of power!
The iron shot misses the red very ugly thing.
You are covered in liquid flames!
The red very ugly thing headbutts you!
You die...

##### ######### #...#
####.......# #...#
#..........###...#######
#......@^...............
#......u...#############
#....##'#############...
#....##.................
#######.#.....>.....[...
#....#.#.#......#####.#
#....#.#.#........#....
#....'............#.#.#
###....##..##.##.##.#.#.#


You could see a red very ugly thing (blind).

Vanquished Creatures
  Saint Roka (Orc:2)
  Vashnia (Snake:4)
  6 golden dragons (Vaults:5)
  Nikola (Snake:4)
  3 tentacled monstrosities (Vaults:5)
  Rupert (D:13)
  6 titans (Vaults:5)
  2 liches
  The ghost of Juteq the Nimble, an adept GnGl of Makhleb (Vaults:3)
  2 acid blobs (Lair:5)
  Kirke (D:14)
  3 tengu reavers
  8 sphinxes
  3 shadow dragons
  4 storm dragons (Vaults:5)
  4 nagarajas
  2 deep elf sorcerers
  5 fire giants
  The ghost of UristMcRaven the Geomancer, a journeyman DEEE of Vehumet (Shoals:2)
  2 iron dragons
  8 frost giants
  A juggernaut zombie (D:15)
  An orc warlord (Vaults:4)
  16 vault wardens
  Aizul (Snake:4)
  A deep elf elementalist (Vaults:5)
  A spriggan defender (Depths:2)
  18 ironheart preservers
  3 war gargoyles
  12 stone giants
  A deep elf demonologist (Vaults:5)
  Nessos (Lair:6)
  6 very ugly things
  4 dire elephants (Lair:6)
  2 halazid warlocks (Desolation)
  8 merfolk impalers
  The ghost of p0werm0de the Fighter, a journeyman GrFi of Okawaru (Lair:3)
  3 deep elf death magi
  2 minotaurs
  11 merfolk javelineers
  4 crystal guardians (Desolation)
  11 ettins
  A fire dragon (shapeshifter) (Vaults:5)
  3 fire dragons
  3 great orbs of eyes
  4 jiangshi (Depths:1)
  6 ragged hierophants (Desolation)
  7 rakshasas
  8 hydras
  11 yaktaur captains
  7 servants of whispers (Desolation)
  Harold (D:8)
  33 vault guards
  An anaconda (shapeshifter) (Depths:3)
  5 ice dragons
  17 naga warriors
  13 anacondas
  8 peacekeepers (Desolation)
  12 ogre magi
  A catoblepas (D:14)
  An alligator snapping turtle (Shoals:4)
  2 centaur warriors
  3 merfolk aquamancers
  A death knight (Vaults:4)
  8 death yaks
  40 two-headed ogres
  A deep troll shaman (Depths:1)
  A deep troll earth mage (Vaults:2)
  2 satyrs
  5 shock serpents
  5 tengu warriors
  14 naga sharpshooters
  Urug (D:10)
  2 vampire magi (Depths:1)
  4 dancing weapons
  3 orc high priests (Orc:2)
  2 spriggan berserkers (Depths:2)
  A storm dragon zombie (D:15)
  3 spriggans (Depths:2)
  9 deep elf knights
  A skeletal warrior (D:15)
  A shadow wraith (Vaults:4)
  5 salamander mystics
  2 fire crabs (shapeshifter)
  9 sea snakes
  5 hell knights (Depths:1)
  3 unseen horrors
  A glowing orange brain (Vaults:4)
  18 deep trolls
  An orange crystal statue (Depths:1)
  10 naga ritualists
  A flayed ghost (D:15)
  A lindwurm (shapeshifter) (Depths:3)
  3 wizards
  An obsidian statue (Shoals:2)
  22 ironbrand convokers
  Pikel (D:6)
  6 phantasmal warriors (Vaults:5)
  A wolf spider zombie (D:14)
  6 deep elf archers
  9 mana vipers
  27 harpies
  A faun (shapeshifter) (Depths:3)
  3 oklob plants
  7 necromancers
  21 orc knights
  13 deep elf magi
  6 orc sorcerers
  A shining eye (shapeshifter) (Vaults:5)
  A tengu skeleton (Vaults:5)
  13 manticores
  9 cyclopes
  A manticore (shapeshifter) (Depths:3)
  A moth of wrath (shapeshifter) (Depths:3)
  3 wolf spiders
  11 elephants
  12 salamanders
  23 ugly things
  2 salamanders (shapeshifter) (Vaults:3)
  13 fauns
  An iron dragon skeleton (Vaults:5)
  13 guardian serpents
  Maurice (D:8)
  11 naga magi
  A black mamba (shapeshifter) (Vaults:4)
  2 water nymphs
  16 vault sentinels
  4 human skeletons
  2 molten gargoyles (Depths:3)
  7 merfolk sirens
  An ice statue (IceCv)
  33 black mambas
  17 spiny frogs
  A gargoyle (Depths:3)
  A rime drake (Lair:6)
  Maggie (D:6)
  8 komodo dragons
  A rime drake (shapeshifter) (Vaults:1)
  2 komodo dragons (shapeshifter)
  A guardian mummy (D:15)
  A yaktaur (shapeshifter) (Vaults:3)
  3 kobold demonologists
  38 yaktaurs
  5 freezing wraiths
  3 tengu conjurers
  A yaktaur skeleton (Vaults:5)
  17 polar bears (IceCv)
  3 meliai (Shoals:3)
  8 trolls
  A harpy skeleton (D:14)
  7 dream sheep
  7 wind drakes
  6 blink frogs
  29 slime creatures
  61 saltlings (Desolation)
  30 merfolk
  11 hornets
  11 hippogriffs
  A human simulacrum (Vaults:5)
  9 snapping turtles
  A raiju (shapeshifter) (Vaults:3)
  3 dream sheep (shapeshifter)
  A meliai zombie (D:11)
  4 air elementals (Depths:3)
  A spriggan zombie (D:15)
  A redback (shapeshifter) (Vaults:4)
  A deep troll skeleton (D:15)
  3 wraiths
  A spriggan (shapeshifter) (Vaults:1)
  4 shadows
  34 yaks
  A vampire (D:13)
  A wyvern (Lair:6)
  9 humans (D:14)
  A fire elemental (Depths:3)
  2 basilisks (Lair:6)
  19 water elementals
  Grum (D:8)
  2 fire bats (Gauntlet)
  A hog (D:14)
  5 hungry ghosts
  6 wargs
  9 vampire mosquitoes
  4 steam dragons
  52 nagas
  A swamp worm (shapeshifter) (Vaults:4)
  A soldier ant (D:13)
  A soldier ant (shapeshifter) (Vaults:3)
  5 acid dragons
  10 water moccasins
  A floating eye (shapeshifter) (Depths:3)
  5 porcupines
  29 orc warriors
  2 elf zombies
  2 necrophages
  A hornet zombie (D:15)
  A phantom (D:8)
  3 ice beasts
  3 slaves (D:6)
  A black bear (D:13)
  2 eyes of draining
  50 ogres
  26 wolves
  11 centaurs
  An orc skeleton (Vaults:2)
  7 boggarts
  9 crocodiles
  14 big kobolds
  A gnoll sergeant (D:7)
  16 bullfrogs
  2 earth elementals (Depths:3)
  4 wyvern skeletons
  5 scorpions
  20 killer bees
  11 wights
  7 howler monkeys
  6 electric eels
  4 crimson imps
  A quasit (D:9)
  A bullfrog zombie (D:7)
  4 centaur zombies
  17 hounds
  5 jellies
  5 centaur skeletons
  22 orc priests
  Crazy Yiuf (D:3)
  8 iguanas
  Natasha (thrice) (D:3)
  7 worker ants
  14 orc wizards
  2 hound skeletons
  A howler monkey skeleton (D:11)
  11 gnolls
  14 adders
  9 shadow imps
  12 white imps (D:12)
  An ufetubus (Vaults:4)
  3 oozes
  An ooze (shapeshifter) (Vaults:5)
  3 worms
  A dart slug (D:1)
  8 leopard geckos
  72 orcs
  9 giant cockroaches
  3 goblins
  7 hobgoblins
  19 jackals
  5 quokkas
  9 bats
  6 frilled lizards
  66 kobolds
  A quokka skeleton (D:9)
  4 rats
  2 butterflies (Lair:4)
  7 fungi
  29 plants
1895 creatures vanquished.

Vanquished Creatures (collateral kills)
  An orc (D:5)
  A ball python (D:2)
2 creatures vanquished.

Vanquished Creatures (others)
  An ancient lich (Vaults:5)
  A tentacled monstrosity (Vaults:5)
  A nagaraja (Snake:4)
  Ilsuiw (Shoals:3)
  Louise (D:14)
  A war gargoyle (Vaults:5)
  An ironheart preserver (Vaults:4)
  An ettin (Vaults:5)
  A hydra (Lair:6)
  A peacekeeper (Desolation)
  A servant of whispers (Desolation)
  A vault guard (Vaults:4)
  An ogre mage (D:15)
  A naga sharpshooter (Snake:2)
  A hell knight (D:15)
  A deep elf archer (Vaults:4)
  A sea snake (Shoals:1)
  A mana viper (Snake:2)
  2 ugly things (D:14)
  A cyclops (D:14)
  An elephant (Lair:6)
  A black mamba (Snake:4)
  A vault sentinel (Vaults:2)
  A naga mage (Snake:2)
  A komodo dragon (Lair:6)
  2 merfolk
  A troll (D:9)
  2 polar bears (IceCv)
  A hornet (Vaults:4)
  A saltling (Desolation)
  2 slime creatures
  7 humans (D:14)
  A vampire mosquito (D:13)
  A naga (shapeshifter) (Vaults:5)
  A warg (Orc:2)
  2 nagas (Snake:4)
  An orc warrior (Orc:2)
  A wyvern zombie (D:14)
  A killer bee (D:8)
  A howler monkey (D:10)
  2 hounds
  A bullfrog skeleton (D:8)
  2 orc wizards
  2 orcs
  4 kobolds (D:6)
  1330 foxfires
  16 fungi
  6 plants
  8 withered plants (D:15)
1422 creatures vanquished.

Grand Total: 3319 creatures vanquished

Notes
Turn   | Place    | Note
-------+----------+-------------------------------------------
     0 | D:1      | Lanoc the Gnoll Fire Elementalist began the quest for the
                  | Orb.
     0 | D:1      | Reached XP level 1. HP: 13/13 MP: 6/6
   122 | D:1      | Reached XP level 2. HP: 19/19 MP: 0/7
   425 | D:1      | Reached XP level 3. HP: 13/25 MP: 2/9
   431 | D:1      | Reached skill level 5 in Spellcasting
   779 | D:1      | Reached skill level 1 in Invocations
  1089 | D:2      | Found a basalt altar of Yredelemnul.
  1194 | D:2      | Noticed a bullfrog
  1203 | D:2      | Killed a bullfrog
  1203 | D:2      | Reached skill level 1 in Fighting
  1203 | D:2      | Reached skill level 1 in Short Blades
  1203 | D:2      | Reached skill level 1 in Long Blades
  1203 | D:2      | Reached skill level 1 in Axes
  1203 | D:2      | Reached skill level 1 in Maces & Flails
  1203 | D:2      | Reached skill level 1 in Polearms
  1203 | D:2      | Reached skill level 1 in Staves
  1203 | D:2      | Reached skill level 1 in Slings
  1203 | D:2      | Reached skill level 1 in Bows
  1203 | D:2      | Reached skill level 1 in Crossbows
  1203 | D:2      | Reached skill level 1 in Throwing
  1203 | D:2      | Reached skill level 1 in Armour
  1203 | D:2      | Reached skill level 1 in Shields
  1203 | D:2      | Reached skill level 1 in Unarmed Combat
  1203 | D:2      | Reached skill level 1 in Hexes
  1203 | D:2      | Reached skill level 1 in Charms
  1203 | D:2      | Reached skill level 1 in Summonings
  1203 | D:2      | Reached skill level 1 in Necromancy
  1203 | D:2      | Reached skill level 1 in Translocations
  1203 | D:2      | Reached skill level 1 in Transmutations
  1203 | D:2      | Reached skill level 1 in Ice Magic
  1203 | D:2      | Reached skill level 1 in Air Magic
  1203 | D:2      | Reached skill level 1 in Earth Magic
  1203 | D:2      | Reached skill level 1 in Poison Magic
  1203 | D:2      | Reached skill level 1 in Evocations
  1203 | D:2      | Reached XP level 4. HP: 18/32 MP: 7/11
  1426 | D:2      | Reached XP level 5. HP: 37/37 MP: 8/12
  2311 | D:3      | Noticed Natasha
  2320 | D:3      | Killed Natasha
  2342 | D:3      | Noticed Natasha
  2352 | D:3      | Killed Natasha
  2403 | D:3      | Noticed Natasha
  2409 | D:3      | Killed Natasha
  2409 | D:3      | Reached XP level 6. HP: 44/44 MP: 1/13
  2576 | D:3      | Found a snail-covered altar of Cheibriados.
  2849 | D:3      | Found a sacrificial altar of Ru.
  2862 | D:3      | Became a worshipper of Ru the Awakened
  2936 | D:3      | Found an ancient bone altar of Kikubaaqudgha.
  3094 | D:3      | Found a hazy altar of Hepliaklqana.
  3209 | D:3      | Found a runed translucent door.
  3210 | D:3      | Noticed Crazy Yiuf
  3226 | D:3      | Killed Crazy Yiuf
  3226 | D:3      | Reached skill level 5 in Dodging
  3638 | D:4      | Found a radiant altar of Vehumet.
  4035 | D:4      | Found a shadowy altar of Dithmenos.
  4164 | D:5      | Entered Level 5 of the Dungeon
  4362 | D:5      | Got a slimy whip
  4408 | D:5      | Reached XP level 7. HP: 50/50 MP: 10/15
  4562 | D:5      | Gained mutation: You are somewhat unskilled. (-1 Apt) [Ru
                  | sacrifice]
  4562 | D:5      | Reduced skill Hexes to level 1
  4562 | D:5      | Reduced skill Charms to level 1
  4562 | D:5      | Reduced skill Summonings to level 1
  4562 | D:5      | Reduced skill Necromancy to level 1
  4562 | D:5      | Reduced skill Translocations to level 1
  4562 | D:5      | Reduced skill Transmutations to level 1
  4562 | D:5      | Reduced skill Ice Magic to level 1
  4562 | D:5      | Reduced skill Air Magic to level 1
  4562 | D:5      | Reduced skill Earth Magic to level 1
  4562 | D:5      | Reduced skill Poison Magic to level 1
  4562 | D:5      | Reached * piety under Ru
  4562 | D:5      | Reached ** piety under Ru
  5258 | D:6      | Reached XP level 8. HP: 57/57 MP: 9/15
  5302 | D:6      | Found Seisa's Assorted Antiques.
  5307 | D:6      | Learned a level 3 spell: Conjure Flame
  5312 | D:6      | Learned a level 4 spell: Sticky Flame
  5318 | D:6      | Learned a level 5 spell: Fireball
  5325 | D:6      | Bought a scroll labeled LIETEM DECIPEU for 26 gold pieces
  5325 | D:6      | Bought a scroll labeled DOCUCOLOYPS for 26 gold pieces
  5325 | D:6      | Bought a fuming brown potion for 23 gold pieces
  5325 | D:6      | Bought a murky yellow potion for 23 gold pieces
  5325 | D:6      | Bought a red potion for 23 gold pieces
  5365 | D:6      | Reached skill level 5 in Dodging
  5632 | D:6      | Noticed Pikel
  5655 | D:6      | Noticed Maggie
  5669 | D:6      | Killed Pikel
  5669 | D:6      | Reached skill level 5 in Stealth
  5680 | D:6      | Killed Maggie
  5717 | D:6      | Noticed a troll
  6020 | D:6      | Reached XP level 9. HP: 64/64 MP: 13/17
  6055 | D:6      | Found Ughad Ajill's Assorted Antiques.
  6064 | D:6      | Bought a scroll labeled ANON SITYH for 22 gold pieces
  6064 | D:6      | Bought a scroll labeled GAKLAPS NUVA for 22 gold pieces
  6183 | D:6      | Identified the +7 whip of the Devouring Queen {freeze,
                  | rPois MR+} (You found it on level 5 of the Dungeon)
  7082 | D:6      | Found a staircase to the Ecumenical Temple.
  7083 | D:6      | Found Taidgh's Antique Weapon Shoppe.
  7096 | D:6      | Killed a troll
  7134 | Temple   | Entered the Ecumenical Temple
  7234 | D:6      | Found Liblez's Armour Shop.
  7265 | D:6      | Found an iron altar of Okawaru.
  7449 | D:6      | Gained mutation: You cannot study or cast Poison magic. [Ru
                  | sacrifice]
  7449 | D:6      | Gained mutation: You cannot study or cast Necromancy magic.
                  | [Ru sacrifice]
  7449 | D:6      | Gained mutation: You cannot study or cast Summoning magic.
                  | [Ru sacrifice]
  7449 | D:6      | Reached *** piety under Ru
  7714 | D:6      | Found a shimmering altar of Xom.
  7905 | D:7      | Found a white marble altar of Elyvilon.
  8660 | D:7      | Got a pair of smoking gloves
  8666 | D:7      | Identified the +2 pair of gloves of Claustrophobia {+Blink
                  | Dex+4} (You found it on level 7 of the Dungeon)
  8956 | D:8      | Reached XP level 10. HP: 48/72 MP: 11/19
  9156 | D:8      | Noticed Maurice
  9166 | D:8      | Killed Maurice
  9348 | D:8      | Reached skill level 5 in Invocations
  9569 | D:8      | Noticed Harold
  9599 | D:8      | Killed Harold
  9654 | D:8      | Reached skill level 5 in Fighting
  9654 | D:8      | Reached skill level 5 in Short Blades
  9654 | D:8      | Reached skill level 5 in Long Blades
  9654 | D:8      | Reached skill level 5 in Axes
  9654 | D:8      | Reached skill level 5 in Maces & Flails
  9654 | D:8      | Reached skill level 5 in Polearms
  9654 | D:8      | Reached skill level 5 in Staves
  9654 | D:8      | Reached skill level 5 in Slings
  9654 | D:8      | Reached skill level 5 in Bows
  9654 | D:8      | Reached skill level 5 in Crossbows
  9654 | D:8      | Reached skill level 5 in Throwing
  9654 | D:8      | Reached skill level 5 in Armour
  9654 | D:8      | Reached skill level 5 in Shields
  9654 | D:8      | Reached skill level 5 in Unarmed Combat
  9654 | D:8      | Reached skill level 5 in Evocations
  9868 | D:8      | Noticed Grum
  9895 | D:8      | Killed Grum
 10132 | D:8      | Found the ring of the Mage {Wiz MR++ Int+3}
 10319 | D:8      | Noticed an unseen horror
 10324 | D:8      | Killed an unseen horror
 10324 | D:8      | Reached XP level 11. HP: 71/80 MP: 16/21
 10553 | D:8      | Noticed a two-headed hydra
 10569 | D:8      | Killed a two-headed hydra
 10751 | D:9      | Reached skill level 5 in Conjurations
 10754 | D:9      | Gained mutation: You cannot study or use magical devices.
                  | [Ru sacrifice]
 10754 | D:9      | Reached **** piety under Ru
 10754 | D:9      | Reached ***** piety under Ru
 10861 | D:9      | Noticed a two-headed ogre
 10868 | D:9      | Killed a two-headed ogre
 10887 | D:9      | Noticed a deep elf mage
 10920 | D:9      | Killed a deep elf mage
 11607 | D:9      | Noticed a two-headed ogre
 11625 | D:9      | Killed a two-headed ogre
 11923 | D:9      | Found a glowing silver altar of Zin.
 12092 | D:9      | Found a shattered altar of Ashenzari.
 12206 | D:9      | Got a masterwork morningstar
 12209 | D:9      | Identified the +6 morningstar of Severance {protect, *Drain
                  | Dex+6} (You found it on level 9 of the Dungeon)
 12226 | D:9      | Found the +3 Elemental Staff {rElec rF++ rC++ MR++ AC+5}
 12237 | D:9      | Found the +9 staff of Olgreb {rPois∞}
 12274 | D:10     | Entered Level 10 of the Dungeon
 12328 | D:10     | Reached skill level 5 in Hexes
 12328 | D:10     | Reached skill level 5 in Charms
 12328 | D:10     | Reached skill level 5 in Translocations
 12328 | D:10     | Reached skill level 5 in Transmutations
 12328 | D:10     | Reached skill level 5 in Ice Magic
 12328 | D:10     | Reached skill level 5 in Air Magic
 12328 | D:10     | Reached skill level 5 in Earth Magic
 12406 | D:10     | Found a staircase to the Lair.
 12586 | D:10     | Reached XP level 12. HP: 88/88 MP: 12/23
 12904 | D:10     | Found a staircase to the Orcish Mines.
 13111 | D:10     | Noticed a two-headed ogre
 13116 | D:10     | Killed a two-headed ogre
 13646 | D:11     | You fall into a shaft and drop 3 floors!
 13789 | D:14     | Noticed Kirke
 13801 | D:14     | Noticed a sphinx
 13804 | D:14     | Killed Kirke
 13866 | D:14     | Found Nuoruvek's Antique Weapon Shop.
 13871 | D:14     | Noticed a two-headed ogre
 13886 | D:14     | Killed a two-headed ogre
 14121 | D:14     | Noticed Louise
 14151 | D:14     | Killed Louise
 14151 | D:14     | Reached XP level 13. HP: 96/96 MP: 15/25
 14440 | D:14     | Learned a level 2 spell: Blink
 15031 | D:13     | Noticed Rupert
 15039 | D:12     | Identified a scroll of acquirement
 15040 | D:12     | Got the +1 buckler of the Pit {Slay+2}
 15225 | D:12     | Found a frozen archway.
 15311 | IceCv    | Entered an ice cave
 16458 | IceCv    | Noticed a frost giant
 16776 | IceCv    | Reached XP level 14. HP: 97/104 MP: 24/27
 16826 | IceCv    | Killed a frost giant
 16988 | D:12     | Found a shadowy altar of Dithmenos.
 18919 | D:14     | Found a gate to the Vaults.
 18986 | D:15     | Entered Level 15 of the Dungeon
 19450 | D:15     | Found Weoteaf's Magic Scroll Shoppe.
 19458 | D:15     | Bought a scroll of teleportation for 48 gold pieces
 19458 | D:15     | Bought a scroll of teleportation for 48 gold pieces
 19627 | D:15     | Found a staircase to the Depths.
 19664 | D:15     | Gained mutation: You are clumsy. (Dex -2) [Ru sacrifice]
 21287 | D:13     | Killed Rupert
 21287 | D:13     | Reached XP level 15. HP: 98/112 MP: 4/28
 22237 | D:11     | Reached skill level 10 in Spellcasting
 22446 | D:11     | Got a masterwork whip
 22447 | D:11     | Identified the cursed +0 whip "Achuap" {holy, +Blink +Rage
                  | rF+} (You found it on level 11 of the Dungeon)
 22504 | D:11     | Gained mutation: You are hated by all. [Ru sacrifice]
 22911 | Orc:1    | Entered Level 1 of the Orcish Mines
 22911 | Orc:1    | Noticed Urug
 23055 | D:10     | Killed Urug
 23362 | Orc:2    | Entered Level 2 of the Orcish Mines
 23931 | Orc:2    | Found a staircase to the Elven Halls.
 24261 | Orc:1    | Reached skill level 10 in Dodging
 24831 | Orc:2    | Reached skill level 10 in Invocations
 25066 | Orc:2    | Found Togungar's Book Boutique.
 25066 | Orc:2    | Found Omihagil's Distillery.
 25068 | Orc:2    | Found Siepuel's Distillery.
 25068 | Orc:2    | Found Visof's Antique Weapon Shoppe.
 25076 | Orc:2    | Bought a potion of magic for 96 gold pieces
 25106 | Orc:2    | Noticed Saint Roka
 25170 | Orc:2    | Killed Saint Roka
 25170 | Orc:2    | Reached skill level 10 in Stealth
 25641 | Orc:2    | Bought a book of Fire for 975 gold pieces
 25648 | Orc:2    | Learned a level 6 spell: Starburst
 25773 | Lair:1   | Entered Level 1 of the Lair of Beasts
 26591 | Lair:2   | Found a gate leading to a gauntlet.
 26650 | Gauntlet | Entered a Gauntlet
 26650 | Gauntlet | Found a transporter.
 26650 | Gauntlet | Found a transporter.
 26721 | Gauntlet | Found a transporter.
 26723 | Gauntlet | Found a transporter.
 26734 | Gauntlet | Found a transporter.
 26734 | Gauntlet | Found a transporter.
 26745 | Gauntlet | Found a transporter.
 26761 | Gauntlet | Found a transporter.
 26778 | Gauntlet | Found a transporter.
 26781 | Gauntlet | Found a transporter.
 26793 | Gauntlet | Found a transporter.
 26794 | Gauntlet | Found a transporter.
 27185 | Gauntlet | Got a translucent ivory amulet
 27187 | Gauntlet | Got a smoking silver ring
 27191 | Gauntlet | Identified the ring "Plog" {*Tele Str+2} (You found it in a
                  | Gauntlet)
 27196 | Gauntlet | Identified the amulet "Bine" {Spirit rPois Str-5 Int+8
                  | SInv} (You found it in a Gauntlet)
 27398 | Gauntlet | Got a translucent great sword
 27410 | Lair:2   | Identified the +4 great sword of the Establishment {vorpal,
                  | Dex+6} (You found it in a Gauntlet)
 28444 | Lair:3   | Found a runed translucent gate.
 28447 | Lair:3   | Found a runed translucent gate.
 28448 | Lair:3   | Found a runed translucent gate.
 28583 | Lair:3   | Reached XP level 16. HP: 120/120 MP: 15/30
 28829 | Lair:3   | Found a staircase to the Snake Pit.
 28933 | Lair:3   | Noticed p0werm0de's ghost (journeyman GrFi)
 28936 | Lair:3   | Found a viscous altar of Jiyva.
 29354 | Lair:4   | Identified the Incunabulum of the Rocks and the Traveller
 29740 | Lair:4   | Got a heavily runed cloak
 29751 | Lair:4   | Identified the cursed +0 cloak "Wenul" {MR+ Stlth+} (You
                  | found it on level 4 of the Lair of Beasts)
 29861 | Lair:4   | Found a staircase to the Shoals.
 30656 | Lair:5   | Found a runed translucent door.
 30657 | Lair:5   | Found a viscous altar of Jiyva.
 30659 | Lair:5   | Found a staircase to the Slime Pits.
 30659 | Lair:5   | Noticed an acid blob
 30659 | Lair:5   | Noticed an acid blob
 30669 | Lair:5   | Killed an acid blob
 30678 | Lair:5   | Killed an acid blob
 31227 | Lair:6   | Entered Level 6 of the Lair of Beasts
 31538 | Lair:6   | Identified the +10 long sword of Sin {vorpal, Str+7 Int-5}
 31538 | Lair:6   | Noticed Nessos
 31543 | Lair:6   | Killed Nessos
 32108 | Lair:6   | Gained mutation: You cannot be stealthy. [Ru sacrifice]
 32108 | Lair:6   | Reached ****** piety under Ru
 32722 | Lair:6   | Reached skill level 10 in Fighting
 32722 | Lair:6   | Reached skill level 10 in Short Blades
 32722 | Lair:6   | Reached skill level 10 in Long Blades
 32722 | Lair:6   | Reached skill level 10 in Axes
 32722 | Lair:6   | Reached skill level 10 in Maces & Flails
 32722 | Lair:6   | Reached skill level 10 in Polearms
 32722 | Lair:6   | Reached skill level 10 in Staves
 32722 | Lair:6   | Reached skill level 10 in Slings
 32722 | Lair:6   | Reached skill level 10 in Bows
 32722 | Lair:6   | Reached skill level 10 in Crossbows
 32722 | Lair:6   | Reached skill level 10 in Throwing
 32722 | Lair:6   | Reached skill level 10 in Armour
 32722 | Lair:6   | Reached skill level 10 in Shields
 32722 | Lair:6   | Reached skill level 10 in Unarmed Combat
 33132 | Shoals:1 | Entered Level 1 of the Shoals
 35302 | Shoals:2 | Reached XP level 17. HP: 127/128 MP: 13/32
 35481 | Shoals:2 | Found a runed translucent gate.
 35481 | Shoals:2 | Found a runed translucent gate.
 35481 | Shoals:2 | Found a runed translucent gate.
 35482 | Shoals:2 | Found an opulent altar of Gozag.
 35484 | Shoals:2 | Noticed UristMcRaven's ghost (journeyman DEEE)
 35502 | Shoals:2 | Reached skill level 10 in Fire Magic
 36065 | Shoals:2 | Found Zenteruce's Assorted Antiques.
 36560 | Shoals:2 | Killed UristMcRaven's ghost
 36874 | Shoals:2 | Bought a scroll of teleportation for 108 gold pieces
 36874 | Shoals:2 | Bought a potion of might for 144 gold pieces
 37344 | Shoals:3 | Noticed Ilsuiw
 37879 | Shoals:3 | Killed Ilsuiw
 37880 | Shoals:4 | Entered Level 4 of the Shoals
 38542 | Shoals:3 | Found a hide-covered altar of Uskayaw.
 38697 | Shoals:3 | Learned a level 7 spell: Ring of Flames
 39125 | Shoals:3 | Found the +8 longbow "Zephyr" {speed, Dex+3 SInv}
 40618 | Shoals:4 | Reached XP level 18. HP: 112/136 MP: 16/33
 41130 | Shoals:4 | Got a barnacled rune of Zot
 41668 | Vaults:1 | Entered Level 1 of the Vaults
 44435 | Vaults:2 | Reached XP level 19. HP: 144/144 MP: 22/35
 44508 | Vaults:2 | Found a staircase to the Crypt.
 44508 | Vaults:2 | Found a basalt altar of Yredelemnul.
 44509 | Vaults:2 | Found an ancient bone altar of Kikubaaqudgha.
 44529 | Vaults:2 | Reached skill level 10 in Conjurations
 46182 | Vaults:2 | Reached skill level 10 in Hexes
 46182 | Vaults:2 | Reached skill level 10 in Charms
 46182 | Vaults:2 | Reached skill level 10 in Translocations
 46182 | Vaults:2 | Reached skill level 10 in Transmutations
 46182 | Vaults:2 | Reached skill level 10 in Ice Magic
 46182 | Vaults:2 | Reached skill level 10 in Air Magic
 46182 | Vaults:2 | Reached skill level 10 in Earth Magic
 46222 | Vaults:1 | Learned a level 6 spell: Iron Shot
 47162 | Vaults:3 | Found Lewkeve's Armour Emporium.
 47190 | Vaults:3 | Found a ruined gateway.
 47290 | Desolati | Entered the Desolation of Salt
 47763 | Desolati | Got a brightly glowing halberd
 47769 | Desolati | Identified the +6 halberd "Bierryen" {vorpal, Str+5} (You
                  | found it in the Desolation of Salt)
 48078 | Desolati | Got a brightly glowing golden ring
 48081 | Desolati | Identified the ring of Yhisk {rPois Int+3 Dex+6} (You found
                  | it in the Desolation of Salt)
 48143 | Desolati | Reached XP level 20. HP: 60/153 MP: 1/36
 48975 | Desolati | Got a faintly glowing silver ring
 48978 | Desolati | Got a coiled iron ring
 48980 | Desolati | Identified the Catalogue of Doomed Enhancements
 48983 | Desolati | Got a faintly glowing golden ring
 48988 | Desolati | Identified the ring of Goirenexzo {*Slow rPois rF+ MP+9
                  | Dex+7} (You found it in the Desolation of Salt)
 48991 | Desolati | Identified the ring "Itroadgh" {MR+ Slay+4 Stlth+} (You
                  | found it in the Desolation of Salt)
 48994 | Desolati | Identified the ring of Xom's Recklessness {*Tele rF+ rN+
                  | Str-5 Dex+3} (You found it in the Desolation of Salt)
 50325 | Vaults:3 | Found the +7 Kryia's mail coat {PotionHeal*2 rC+}
 50381 | Vaults:3 | Found a runed translucent gate.
 50382 | Vaults:3 | Found a runed translucent gate.
 50382 | Vaults:3 | Found a runed translucent gate.
 50386 | Vaults:3 | Noticed Juteq's ghost (adept GnGl)
 50544 | Vaults:3 | Killed Juteq's ghost
 50562 | Vaults:3 | Got a pair of fine boots
 50568 | Vaults:3 | Identified the +1 pair of boots "Bialio Ohaost" {rElec
                  | Int+7 Dex-3} (You found it on level 3 of the Vaults)
 52010 | Vaults:4 | Paralysed by a hornet for 3 turns
 52260 | Vaults:4 | Found Qadiurph's Distillery.
 52268 | Vaults:4 | Bought 2 potions of curing for 90 gold pieces
 52268 | Vaults:4 | Bought 3 potions of brilliance for 180 gold pieces
 52268 | Vaults:4 | Bought a potion of brilliance for 60 gold pieces
 52426 | Vaults:4 | Reached XP level 21. HP: 149/160 MP: 27/38
 53257 | Vaults:4 | Learned a level 8 spell: Ignition
 53263 | Vaults:5 | Entered Level 5 of the Vaults
 53272 | Vaults:5 | Noticed a golden dragon
 53876 | Vaults:5 | Found the +3 crown of Dyrovepreva {rElec Int+2 SInv}
 53959 | Vaults:5 | Got a fine leather armour
 53970 | Vaults:5 | Identified the +1 leather armour "Weupomm" {rF+ rC+ Str+3}
                  | (You found it on level 5 of the Vaults)
 54022 | Vaults:5 | Killed a golden dragon
 54703 | Vaults:5 | Reached XP level 22. HP: 148/169 MP: 15/39
 54706 | Vaults:5 | Noticed a golden dragon
 54732 | Vaults:5 | Killed a golden dragon
 54952 | Vaults:5 | Noticed a golden dragon
 54979 | Vaults:5 | Killed a golden dragon
 55882 | Vaults:5 | Noticed a golden dragon
 55886 | Vaults:5 | Killed a golden dragon
 55977 | Vaults:5 | Identified the cursed +2 short sword "Biynerch" {vorpal,
                  | +Fly rElec Str-2}
 56595 | Vaults:5 | Noticed an ancient lich
 56983 | Vaults:5 | Killed an ancient lich
 57646 | Vaults:5 | Noticed a golden dragon
 57652 | Vaults:5 | Killed a golden dragon
 57655 | Vaults:5 | Got a silver rune of Zot
 57657 | Vaults:5 | Got a heavily runed ring mail
 57670 | Vaults:5 | Identified the +1 ring mail of Lethargy {rC+ MP+9 Str+5
                  | Dex-4} (You found it on level 5 of the Vaults)
 57682 | Vaults:5 | Got a pair of crude boots
 57693 | Vaults:5 | Identified the cursed +0 pair of boots of the Orcish Mines
                  | {rCorr Slay+3} (You found it on level 5 of the Vaults)
 58044 | Vaults:5 | Identified the Collected Works on Earthen Air
 58323 | Vaults:5 | Learned a level 1 spell: Apportation
 58365 | Vaults:5 | Noticed a golden dragon
 58370 | Vaults:5 | Killed a golden dragon
 58370 | Vaults:5 | Reached XP level 23. HP: 176/176 MP: 17/41
 59483 | Snake:1  | Entered Level 1 of the Snake Pit
 59488 | Snake:1  | Found Aderr's Assorted Antiques.
 59497 | Snake:1  | Bought a scroll of teleportation for 78 gold pieces
 59497 | Snake:1  | Bought a potion of brilliance for 104 gold pieces
 62416 | Snake:4  | Entered Level 4 of the Snake Pit
 62619 | Snake:4  | Noticed Nikola
 62625 | Snake:4  | Killed Nikola
 62625 | Snake:4  | Reached skill level 15 in Invocations
 62795 | Snake:4  | Noticed Aizul
 62800 | Snake:4  | Killed Aizul
 64309 | Snake:4  | Noticed Vashnia
 64318 | Snake:4  | Killed Vashnia
 64633 | Snake:4  | Got a serpentine rune of Zot
 65253 | Lair:3   | Reached XP level 24. HP: 181/185 MP: 9/41
 65335 | Lair:3   | Killed p0werm0de's ghost
 65756 | Depths:1 | Entered Level 1 of the Depths
 65780 | Depths:1 | Got a dull robe
 65791 | Depths:1 | Identified the +2 robe of Sif Muna's Whim {rN+ Str+8 Int-3}
                  | (You found it on level 1 of the Depths)
 65923 | Depths:1 | Found Bairip's Antique Weapon Boutique.
 66547 | Depths:1 | Found a gateway to Hell.
 67002 | Depths:1 | Gained mutation: Armour fits poorly on your strangely
                  | shaped body. [mutagenic glow]
 67162 | Depths:1 | Got an ichor-stained chain mail
 67173 | Depths:1 | Identified the +1 chain mail of the Several Youths {Slay+3}
                  | (You found it on level 1 of the Depths)
 67382 | Depths:1 | Found a portal to a secret trove of treasure.
 67422 | Depths:1 | You paid a toll of 14 scrolls of teleportation to enter a
                  | treasure trove
 67423 | Trove    | Entered a treasure trove
 67435 | Trove    | Got a scorched tin ring
 67442 | Trove    | Got a translucent iron ring
 67452 | Trove    | Got a coiled crystal amulet
 67484 | Depths:1 | Identified the ring "Kouh" {rPois rN+ Int+2} (You found it
                  | in a treasure trove)
 67486 | Depths:1 | Identified the ring of Socur {rPois rF+ MR- AC+4 Int+4
                  | Dex+5} (You found it in a treasure trove)
 67490 | Depths:1 | Identified the amulet of Maadas {Spirit rPois rC+ Str+2
                  | SInv} (You found it in a treasure trove)
 68516 | Depths:2 | Got an ancient platinum ring
 68518 | Depths:2 | Identified the ring "Hutanihypt" {Ice MR+ Str+2 SInv
                  | Stlth-} (You found it on level 2 of the Depths)
 68538 | Depths:2 | Reached skill level 15 in Spellcasting
 68843 | Depths:2 | Got a dazzling long sword
 68844 | Depths:2 | Identified the +4 long sword of Ziaji {flame, Str+2 Int+5}
                  | (You found it on level 2 of the Depths)
 69254 | Depths:3 | Got a jewelled shortbow
 69260 | Depths:3 | Identified the cursed +0 shortbow "Gatoetudgh" {flame,
                  | rPois rC+} (You found it on level 3 of the Depths)
 69466 | Depths:2 | Slain by a red very ugly thing

Illustrated notes

Levels and vault maps discovered:
D:1:      scummos_arrival_simple_crosswalls, layout_loops_ring, minivault_19,
          serial_bayou_pond_d, minmay_pentomino_q4
D:2:      layout_basic, nicolae_overflow_hidden_temple, lemuel_round_altar
D:3:      layout_rooms, lemuel_round_altar, nicolae_overflow_crystal_walls,
          cheibriados_altar_1, first_ration, hangedman_ru_absence, uniq_natasha,
          uniq_crazy_yiuf_cottage
D:4:      layout_loops_corners, nicolae_dithmenos_the_darkroom,
          fiery_altar_vehumet
D:5:      layout_cave_pools, serial_glass, glass_columns_b, glass_columns_b,
          minmay_bent
D:6:      minmay_goblin_kobold_castle, layout_loops_corners,
          overflow_temple_1_default, lemuel_coloured_pillars_altar,
          minmay_temple_entry_tees, serial_shops, shop,
          nicolae_shop_overgrown_old_shop, nicolae_shop_overgrown_old_shop,
          shop_statue, minmay_misc_feat_columns, grunt_ministairs_14,
          uniq_pikel, uniq_maggie
D:7:      layout_basic, elyvilon_altar_1
D:8:      layout_loops_ring, hangedman_ranch [blue_anna_fruit_fields],
          hangedman_minor_gate_pass, uniq_harold, uniq_grum, uniq_maurice
D:9:      minmay_the_grid_3x2 [minmay_the_grid_aliased_spiral,
          minmay_the_grid_doors, minmay_the_grid_pillar_ring,
          minmay_the_grid_plusring, minmay_the_grid_empty,
          minmay_the_grid_prize_trominoes], layout_loops_corners,
          kennysheep_little_box, ashenzari_altar_1, corner_web_ring
D:10:     layout_basic, erik_lair_orcish_takeover, orc_david_3
D:11:     layout_irregular_city, wad_dig_loot
D:12:     layout_basic, basic_altar, portal_ice_cave_entry_imps
D:13:     layout_irregular_city, uniq_rupert
D:14:     layout_roguey, ximxim_vaults_locker_room, hex_tiny, serial_shops,
          shop, uniq_kirke, uniq_louise
D:15:     gammafunk_depths_entry_grave, layout_loops_ring, serial_shops, shop,
          serial_park_tiny_2
Temple:   compressed_dpeg_triangle_lava_temple
Lair:1:   layout_misc_corridors, beast_lair_carwin_5
Lair:2:   layout_chaotic_city, gauntlet_entry_generic
Lair:3:   layout_regular_city, guppyfry_snake_entry_island,
          gammafunk_ghost_ooze, serial_bayou_shore_a, infiniplex_staircase_pool
Lair:4:   layout_loops_ring, minmay_shoals_entry_lonely_mermaid,
          minmay_lair_oklob_chamber, lemuel_fruit_fields, lemuel_fruit_fields
Lair:5:   layout_gridlike, slime_altar_2, minmay_stone_trees_medium,
          lemuel_fruit_tree
Lair:6:   due_jungle_book, layout_loops_ring, nicolae_quartered_pool_medium,
          uniq_nessos
Shoals:1: layout_shoals
Shoals:2: cheibrodos_shoals_oceanic_diplomacy, layout_shoals,
          ebering_ghost_gozag
Shoals:3: layout_shoals, regret_index_shoals_crete, uniq_ilsuiw
Shoals:4: shoals_end_grunt_ice, layout_shoals
Snake:1:  layout_onion, serial_shops, nicolae_shop_overgrown_old_shop
Snake:2:  layout_misc_corridors, grunt_ministairs_8
Snake:3:  layout_rooms, drop_trap
Snake:4:  johnstein_snake_rune_scales, layout_cave_pods, uniq_nikola,
          uniq_aizul, uniq_vashnia
Orc:1:    layout_diamond_mine, lemuel_statue_altar, uniq_erolcha, uniq_urug
Orc:2:    grunt_orc_tribal_feast, layout_diamond_mine, uniq_saint_roka
Vaults:1: v_alt_pattern_4, v_alt_pattern_4, st_octagons_1,
          hangedman_vaults_locks, grunt_vaults_twisty,
          nicolae_vaults_network_star, nicolae_vaults_little_squares_1,
          vaults_room_corners, vaults_dpeg_ring, vaults_room_corners,
          layout_vaults_omnigrid
Vaults:2: vaults_room_hangedman_quadrants, hangedman_vaults_river_flow,
          v_misc_3, minmay_crypt_entry_necro_gods, vaults_mumra_hex,
          hangedman_vaults_stretched_pinwheel, ontoclasm_vaults_chip,
          nicolae_vaults_network_s, hangedman_vaults_stagger,
          nicolae_vaults_big_angled_halls, nicolae_vaults_hallways_thing,
          hangedman_vaults_corner_blocks, vaults_room_ringed_pool,
          vaults_mumra_chevron, serial_ice_g, layout_vaults_big_cross
Vaults:3: gammafunk_vaults_ghost_tricky_traps, ontoclasm_vaults_twist,
          ontoclasm_vaults_fault, ontoclasm_vaults_claustrophobia,
          hangedman_vaults_stream, nicolae_vaults_ninety_degrees,
          ontoclasm_vaults_pinch, hangedman_vaults_hat,
          nicolae_vaults_what_the_h, v_misc_26, ontoclasm_vaults_chip,
          nicolae_vaults_specimen_jars, vaults_dpeg_hooks,
          layout_vaults_omnibox, serial_shops, nicolae_shop_behind_doors,
          portal_desolation_entry_nicolae_slug
Vaults:4: hangedman_vaults_variations, v_misc_9, st_spiral_rooms, v_misc_5,
          vaults_dpeg_diagonal, nicolae_vaults_yaktaur_gun_rack, v_misc_10,
          nicolae_vaults_network_quinsquares
          [nicolae_vaults_network_quincunx_subvault,
          nicolae_vaults_network_quincunx_subvault,
          nicolae_vaults_network_quincunx_subvault,
          nicolae_vaults_network_quincunx_subvault], serial_ice_g,
          vaults_room_door_ring, v_alt_pattern_3, nicolae_vaults_angled_halls,
          layout_vaults_ring, serial_shops, shop_fountains
Vaults:5: serial_shops
Depths:1: layout_cave_shapes, enter_trove_5, hell_entry, serial_shops, shop,
          kennysheep_cross_landing, minivault_14, minmay_protected_statue
Depths:2: minmay_tri_box, layout_basic, hell_entry, minmay_misc_feat_pillars
Depths:3: radiant_caverns_a_rkd, hell_entry, pan_entry

Skill      XL: |  1  2  3  4  5  6  7  8  9 10 11 12 13 14 15 16 17 18 19 20 21 22 23 24 |
---------------+-------------------------------------------------------------------------+-----
Conjurations   | 2 2 3 4 5 6 7 8 9 10 11 12 | 12.6
Spellcasting   | 5 6 7 8 9 10 11 12 13 14 15 | 15.0
Invocations    | 1 2 3 4 5 6 7 8 9 10 11 12 13 14 15 | 15.6
Fighting       | 1 2 3 4 5 6 7 8 9 10 11 12 13 14 | 14.5
Short Blades   | 1 2 3 4 5 6 7 8 9 10 11 12 13 14 | 14.5
Long Blades    | 1 2 3 4 5 6 7 8 9 10 11 12 13 14 | 14.5
Axes           | 1 2 3 4 5 6 7 8 9 10 11 12 13 14 | 14.5
Maces & Flails | 1 2 3 4 5 6 7 8 9 10 11 12 13 14 | 14.5
Polearms       | 1 2 3 4 5 6 7 8 9 10 11 12 13 14 | 14.5
Staves         | 1 2 3 4 5 6 7 8 9 10 11 12 13 14 | 14.5
Slings         | 1 2 3 4 5 6 7 8 9 10 11 12 13 14 | 14.5
Bows           | 1 2 3 4 5 6 7 8 9 10 11 12 13 14 | 14.5
Crossbows      | 1 2 3 4 5 6 7 8 9 10 11 12 13 14 | 14.5
Throwing       | 1 2 3 4 5 6 7 8 9 10 11 12 13 14 | 14.5
Armour         | 1 2 3 4 5 6 7 8 9 10 11 12 13 14 | 14.5
Shields        | 1 2 3 4 5 6 7 8 9 10 11 12 13 14 | 14.5
Unarmed Combat | 1 2 3 4 5 6 7 8 9 10 11 12 13 14 | 14.5
Hexes          | 1 2 3 4 5 6 7 8 9 10 11 12 | 12.4
Charms         | 1 2 3 4 5 6 7 8 9 10 11 12 | 12.4
Summonings     | 1 2 0 |  0.0
Necromancy     | 1 2 0 |  0.0
Translocations | 1 2 3 4 5 6 7 8 9 10 11 12 | 12.4
Transmutations | 1 2 3 4 5 6 7 8 9 10 11 12 | 12.4
Ice Magic      | 1 2 3 4 5 6 7 8 9 10 11 12 | 12.4
Air Magic      | 1 2 3 4 5 6 7 8 9 10 11 12 | 12.4
Earth Magic    | 1 2 3 4 5 6 7 8 9 10 11 12 | 12.4
Poison Magic   | 1 2 0 |  0.0
Evocations     | 1 2 3 4 5 0 |  0.0
Dodging        | 5 4 5 6 7 8 9 10 11 12 13 14 | 14.9
Stealth        | 5 6 7 8 9 10 0 |  0.0
Fire Magic     | 6 7 8 9 10 11 12 13 | 13.2

Action                   |  1- 3 |  4- 6 |  7- 9 | 10-12 | 13-15 | 16-18 | 19-21 | 22-24 || total
-------------------------+-------+-------+-------+-------+-------+-------+-------+-------++-------
Melee: Unarmed           |    16 |       |       |       |       |       |       |       ||    16
       Hand axe          |       |     7 |     8 |       |       |       |       |       ||    15
       Whip              |       |       |    58 |   161 |       |       |       |       ||   219
       Bite              |       |       |     5 |    44 |   216 |    93 |    80 |    68 ||   506
       Staff             |       |       |       |   183 |  1419 |   542 |   504 |   476 ||  3124
       Punch             |       |       |       |       |       |       |       |     1 ||     1
Throw: Dart              |       |     2 |       |       |       |       |       |       ||     2
 Cast: Foxfire           |    50 |   133 |   307 |   298 |    52 |       |       |       ||   840
       Sticky Flame      |       |       |     1 |    26 |   193 |    58 |     2 |     4 ||   284
       Fireball          |       |       |       |    47 |   211 |   116 |       |       ||   374
       Conjure Flame     |       |       |       |       |     2 |     1 |       |       ||     3
       Starburst         |       |       |       |       |       |   294 |   226 |   306 ||   826
       Blink             |       |       |       |       |       |     3 |     3 |     1 ||     7
       Ring of Flames    |       |       |       |       |       |     1 |     2 |       ||     3
       Iron Shot         |       |       |       |       |       |       |   148 |   202 ||   350
       Ignition          |       |       |       |       |       |       |     2 |    31 ||    33
Invok: Sacrifice Skill   |       |       |     1 |       |       |       |       |       ||     1
       Sacrifice Arcana  |       |       |     1 |       |       |       |       |       ||     1
       Reject Sacrifices |       |       |       |     1 |     1 |       |       |       ||     2
       Sacrifice Artific |       |       |       |     1 |       |       |       |       ||     1
       Draw Out Power    |       |       |       |       |     1 |     1 |     2 |       ||     4
       Sacrifice Purity  |       |       |       |       |     1 |       |       |       ||     1
       Sacrifice Love    |       |       |       |       |     1 |       |       |       ||     1
       Sacrifice Stealth |       |       |       |       |       |     1 |       |       ||     1
       Power Leap        |       |       |       |       |       |       |     2 |       ||     2
 Abil: Evoke Blink       |       |       |     1 |       |       |       |       |       ||     1
  Use: Potion            |       |       |     3 |     5 |     2 |     4 |     4 |     1 ||    19
       Scroll            |       |       |    15 |       |     9 |     6 |     8 |     5 ||    43
 Stab: Sleeping          |     1 |       |     2 |     4 |     8 |     1 |       |       ||    16
       Distracted        |       |       |     1 |     2 |    12 |     5 |     3 |     1 ||    24
       Invisible         |       |       |       |     6 |     5 |     5 |     8 |    10 ||    34
       Paralysed         |       |       |       |       |     4 |     2 |     3 |     5 ||    14
  Eat: Chunk             |       |    10 |    11 |    22 |    56 |   104 |    60 |    34 ||   297
       Ration            |       |       |     1 |     1 |     4 |     6 |     5 |     9 ||    26
Armor: Robe              |     7 |     1 |     3 |       |       |       |       |       ||    11
       Swamp dragon scal |       |       |    26 |   159 |   122 |       |       |       ||   307
       Acid dragon scale |       |       |       |       |   259 |   218 |   169 |   202 ||   848
       Storm dragon scal |       |       |       |       |       |       |       |     4 ||     4
Dodge: Dodged            |    40 |     4 |    76 |   319 |   790 |   508 |   381 |   443 ||  2561
Block: Buckler           |       |     3 |    29 |   135 |   440 |   246 |   182 |   242 ||  1277
       Kite shield       |       |       |       |       |       |       |       |     9 ||     9
       Reflection        |       |       |       |       |       |       |       |     1 ||     1

Table legend:
 A = Non-vault XP
 B = Vault XP
 C = Vault XP percentage of total XP
 D = Non-vault monster count
 E = Vault monster count
 F = Vault count percentage of total count
                 A         B        C        D         E       F
            +---------+---------+-------+---------+---------+-------
      Total |  390478 |  524943 |  57.3 |    1093 |     808 |  42.5
            +---------+---------+-------+---------+---------+-------
        D:1 |      59 |       2 |   3.3 |      30 |       1 |   3.2
        D:2 |     144 |       0 |   0.0 |      18 |       0 |   0.0
        D:3 |     173 |      74 |  30.0 |      27 |       2 |   6.9
        D:4 |      19 |       0 |   0.0 |       3 |       0 |   0.0
        D:5 |     546 |      84 |  13.3 |      17 |       3 |  15.0
        D:6 |    1058 |    1448 |  57.8 |      21 |      53 |  71.6
        D:7 |     806 |       0 |   0.0 |      22 |       0 |   0.0
        D:8 |    1572 |    5294 |  77.1 |      25 |      21 |  45.7
        D:9 |    3083 |    2583 |  45.6 |      33 |      14 |  29.8
       D:10 |    5395 |    1304 |  19.5 |      59 |      11 |  15.7
       D:11 |    4622 |    1056 |  18.6 |      22 |       2 |   8.3
       D:12 |    2899 |     123 |   4.1 |      21 |      12 |  36.4
       D:13 |    4518 |    2882 |  38.9 |      26 |       1 |   3.7
       D:14 |   18899 |    7319 |  27.9 |      52 |      14 |  21.2
       D:15 |   10185 |    5313 |  34.3 |      36 |       8 |  18.2
     Lair:1 |    3411 |    1464 |  30.0 |       9 |       5 |  35.7
     Lair:2 |     802 |       0 |   0.0 |       4 |       0 |   0.0
     Lair:3 |    7570 |    2610 |  25.6 |      22 |       8 |  26.7
     Lair:4 |    2369 |    1534 |  39.3 |      10 |       3 |  23.1
     Lair:5 |    4906 |    5105 |  51.0 |      10 |       4 |  28.6
     Lair:6 |   14549 |    4049 |  21.8 |      40 |       6 |  13.0
   Shoals:1 |    4430 |       0 |   0.0 |      13 |       0 |   0.0
   Shoals:2 |   12868 |   10007 |  43.7 |      29 |      18 |  38.3
   Shoals:3 |   15905 |   12831 |  44.7 |      34 |      18 |  34.6
   Shoals:4 |   11504 |   17064 |  59.7 |      24 |      27 |  52.9
    Snake:1 |    9103 |       0 |   0.0 |      18 |       0 |   0.0
    Snake:2 |   11889 |    1396 |  10.5 |      28 |       2 |   6.7
    Snake:3 |   26723 |       0 |   0.0 |      45 |       0 |   0.0
    Snake:4 |   19965 |   46031 |  69.7 |      39 |      63 |  61.8
      Orc:1 |    4227 |       0 |   0.0 |      23 |       0 |   0.0
      Orc:2 |    3385 |   13160 |  79.5 |      32 |      44 |  57.9
   Vaults:1 |   18671 |   32232 |  63.3 |      37 |      42 |  53.2
   Vaults:2 |   29200 |   23399 |  44.5 |      64 |      32 |  33.3
   Vaults:3 |   18172 |   25606 |  58.5 |      31 |      41 |  56.9
   Vaults:4 |   33572 |   30753 |  47.8 |      54 |      35 |  39.3
   Vaults:5 |   36404 |  166343 |  82.0 |      56 |     106 |  65.4
   Depths:1 |   28981 |   11472 |  28.4 |      33 |      10 |  23.3
   Depths:2 |   17894 |    6410 |  26.4 |      26 |       4 |  13.3
   Depths:3 |       0 |   17547 | 100.0 |       0 |      33 | 100.0
      IceCv |       0 |   13596 | 100.0 |       0 |      57 | 100.0
 Desolation |       0 |   49757 | 100.0 |       0 |      99 | 100.0
   Gauntlet |       0 |    5095 | 100.0 |       0 |       9 | 100.0
            +---------+---------+-------+---------+---------+-------
